 Dungeon Crawl Stone Soup version 0.27.1-3-gb3d3a73c9e (webtiles) character file.

Game seed: 16312162749238436900

196 jlumianski the Covered (level 5, 0/33 HPs)
             Began as a Gargoyle Fighter on Oct 22, 2021.
             Slain by Pikel (6 damage)
             ... on level 4 of the Dungeon.
             The game lasted 00:11:01 (4114 turns).

jlumianski the Covered (Gargoyle Fighter)           Turns: 4114, Time: 00:11:02

Health: 0/33       AC: 12    Str: 21    XL:     5   Next: 75%
Magic:  14/14      EV:  7    Int:  8    God:
Gold:   178        SH:  9    Dex:  9    Spells: 4/4 levels left

rFire    . . .     SeeInvis .   a - +0 war axe
rCold    . . .     Faith    .   c - +0 kite shield
rNeg     + + .     Spirit   .   b - +0 scale mail
rPois    ∞         Reflect  .   (no helmet)
rElec    +         Harm     .   n - +0 cloak
rCorr    .         Rampage  .   (no gloves)
Will     .....                  (no boots)
Stlth    ..........             (no amulet)
HPRegen  0.11/turn              g - ring of magical power
MPRegen  0.14/turn              q - ring of positive energy

@: no status effects
A: sickness immunity, AC +4, negative energy resistance 1, electricity
resistance, torment resistance 1, petrification resistance
a: no special abilities


You were on level 4 of the Dungeon.
You visited 1 branch of the dungeon, and saw 4 of its levels.

You collected 178 gold pieces.

Inventory:

Hand Weapons
 a - a +0 war axe (weapon)
 v - a +1 hunting sling of freezing
Missiles
 f - 127 stones
 j - 14 bolts
 s - 8 boomerangs (quivered)
Armour
 b - a +0 scale mail (worn)
 c - a +0 kite shield (worn)
 n - a +0 cloak (worn)
Jewellery
 g - a ring of magical power (left hand)
 q - a ring of positive energy (right hand)
 t - a ring of protection from fire
Scrolls
 h - 5 scrolls of identify {unknown}
 k - a scroll of silence {unknown}
 l - a scroll of enchant armour {unknown}
 r - a scroll of immolation {unknown}
Potions
 d - a potion of might
 e - 2 potions of haste {unknown}
 i - 2 potions of curing
 m - a potion of lignification {unknown}
 o - a potion of berserk rage {unknown}
 p - a potion of flight {unknown}
 u - a potion of degeneration {unknown}


   Skills:
 + Level 4.0 Fighting
 + Level 3.5 Axes
 + Level 4.3 Armour
 + Level 1.2 Dodging
 + Level 3.8 Shields


You had 4 spell levels left.
You didn't know any spells.
Your spell library contained the following spells:

 Spells                   Type           Power      Damage    Failure   Level
 Animate Skeleton         Necr           0%         N/A       99%         1
 Apportation              Tloc           0%         N/A       99%         1
 Beastly Appendage        Tmut           0%         N/A       99%         1
 Corona                   Hex            0%         N/A       99%         1
 Summon Small Mammal      Summ           0%         N/A       99%         1
 Wereblood                Tmut           0%         N/A       100%        2
 Spider Form              Tmut/Pois      0%         N/A       100%        3


Dungeon Overview and Level Annotations

Branches:
Dungeon (4/15)
 Temple: D:4-7

Altars:
Elyvilon
Trog
Wu Jian

Shops:
D:3 (

Annotations:
D:4 Pikel


Innate Abilities, Weirdness & Mutations

You are immune to sickness and miasma.
Your stone body is resilient. (AC +4)
You are immune to poison.
You resist negative energy. (rN+)
You are resistant to electric shocks. (rElec)
You are resistant to unholy torment.
You are immune to petrification.


Message History

You can move again.
You miss Pikel.
Pikel is moderately wounded.
Pikel hits you with a +1 whip of electrocution.
The orc priest mumbles some strange prayers to Beogh against you.
Beogh smites you!
* * * LOW HITPOINT WARNING * * *
Unknown command.
You hit Pikel.
Pikel is heavily wounded.
You block Pikel's attack.
Pikel drinks a potion.
Pikel is healed!
You closely miss Pikel.
Pikel is moderately wounded.
Pikel zaps a wand.
You resist with some effort.
You hit Pikel.
Pikel is heavily wounded.
Pikel hits you but does no damage. You block Pikel's attack.
You hit Pikel.
Pikel is heavily wounded.
Pikel closely misses you. You block Pikel's attack.
Your shield and scale mail prevent you from hitting Pikel.
Pikel is heavily wounded.
Pikel zaps a wand.
You resist with some effort.
You slash Pikel!
Pikel is severely wounded.
Pikel says, "Hell isn't that bad."
You block Pikel's attack.
Pikel drinks a potion.
Pikel is healed!
You slash Pikel!
Pikel is almost dead.
Pikel says, "I'm sure the Orcish Mines are around here somewhere..."
Pikel zaps a wand.
You resist with some effort.
You barely miss Pikel.
Pikel is almost dead.
Pikel hits you with a +1 whip of electrocution.
* * * LOW HITPOINT WARNING * * *
Pikel hits you but does no damage.
Your shield prevents you from hitting Pikel.
Pikel is almost dead.
Pikel hits you with a +1 whip of electrocution.
You die...

.. .... ## #. #### # #.
###### .## #..>## ## #.#
##..... ###..
##.######..###.
o#...5######........).###.
....o{5g##....#####.......
....o5{5K@....# ##......
#####o######..# #...... #
#### ##...... ##......#
###..##..## #..###...#
#.####..## #####..## #
###...## #


You could see Pikel, 4 lemures, an orc priest, 2 orcs and a hobgoblin.

Vanquished Creatures
  2 orc priests (D:3)
  A hound (D:4)
  3 adders
  3 dart slugs
  7 orcs (D:3)
  7 bats
  7 endoplasms
  2 giant cockroaches
  3 goblins
  5 hobgoblins
  3 kobolds
  5 quokkas
  7 ball pythons
  4 frilled lizards
  7 rats
66 creatures vanquished.

Notes
Turn   | Place    | Note
-------+----------+-------------------------------------------
     0 | D:1      | jlumianski the Gargoyle Fighter began the quest for the
                  | Orb.
     0 | D:1      | Reached XP level 1. HP: 14/14 MP: 1/1
   202 | D:1      | Reached XP level 2. HP: 7/19 MP: 2/2
   477 | D:1      | Found a faded altar of an unknown god.
  1014 | D:1      | Reached XP level 3. HP: 21/23 MP: 3/3
  1842 | D:2      | Found a white marble altar of Elyvilon.
  1954 | D:3      | Reached skill level 1 in Dodging
  1954 | D:3      | Reached XP level 4. HP: 15/28 MP: 4/4
  2670 | D:3      | Found a bloodstained altar of Trog.
  2671 | D:3      | Found an ornate altar of the Wu Jian Council.
  2822 | D:3      | Found Maipuze's Antique Weapon Shoppe.
  2845 | D:3      | Reached XP level 5. HP: 18/33 MP: 5/5
  4089 | D:4      | Noticed a lemure
  4090 | D:4      | Noticed a lemure
  4090 | D:4      | Noticed Pikel
  4091 | D:4      | Noticed a lemure
  4097 | D:4      | Noticed a lemure
  4102 | D:4      | Paralysed by Pikel for 3 turns
  4114 | D:4      | Slain by Pikel

Illustrated notes

Levels and vault maps discovered:
D:1:      dpeg_arrival_erosion, layout_basic, chequers_ecumenical_altar_island
D:2:      layout_basic, basic_altar, kennysheep_generic_room_14
D:3:      layout_loops_corners, gammafunk_temple_overflow_statue, serial_shops,
          shop
D:4:      layout_layer_cave, uniq_crazy_yiuf_cottage, uniq_pikel

Skill      XL: |  1  2  3  4  5 |
---------------+----------------+-----
Axes           | 2 3 |  3.5
Armour         | 4 |  4.3
Dodging        | 1 |  1.2
Fighting       | 4 |  4.0
Shields        | |  3.8

Action                   |  1- 3 |  4- 6 || total
-------------------------+-------+-------++-------
Melee: War axe           |   115 |   120 ||   235
Throw: Stone             |     7 |       ||     7
Armor: Scale mail        |    54 |    63 ||   117
Dodge: Dodged            |    52 |    40 ||    92
Block: Kite shield       |    63 |    63 ||   126
